 Dungeon Crawl Stone Soup version 0.30-a0-591-g3c58d2bc28 (webtiles) character file.

Game seed: 11164462444595983069

129 Citaku the Covered (level 4, -2/41 HPs)
             Began as a Minotaur Fighter on Jan 5, 2023.
             Slain by a kobold brigand
             ... wielding a +0 short sword
              (3 damage)
             ... in a sewer.
             The game lasted 00:03:56 (2388 turns).

Citaku the Covered (Minotaur Fighter)               Turns: 2388, Time: 00:03:56

Health: -2/41      AC:  8    Str: 20    XL:     4   Next: 88%
Magic:  3/3        EV:  8    Int: 11    God:
Gold:   178        SH:  8    Dex: 12    Spells: 3/3 levels left

rFire   . . .      SeeInvis .    a - +0 war axe
rCold   . . .      Faith    +    r - +0 kite shield
rNeg    . . .      Spirit   .    b - +0 scale mail
rPois   .          Reflect  .    (helmet restricted)
rElec   .          Harm     .    (no cloak)
rCorr   .          Rampage  .    (no gloves)
Will    +....                    j - +0 pair of boots Stlth
                                 e - amulet of faith
HPRegen 0.26/turn                v - ring of willpower
MPRegen 0.08/turn                t - +6 ring of intelligence

@: lethally poisoned (-2 -> -7), slowed, very slow
A: horns 2, retaliatory headbutt
a: no special abilities


You were in a sewer.
You visited 1 branch of the dungeon, and saw 4 of its levels.
You also visited: Sewer.

You collected 178 gold pieces.

Inventory:

Hand Weapons
 a - a +0 war axe (weapon)
Armour
 b - a +0 scale mail (worn)
 j - a +0 pair of boots (worn)
 r - a +0 kite shield (worn)
Jewellery
 e - an amulet of faith (around neck)
 t - a +6 ring of intelligence (right hand)
 v - a ring of willpower (left hand)
Scrolls
 g - a scroll of fear {unknown}
 i - a scroll of enchant weapon {unknown}
 k - 2 scrolls of enchant armour {unknown}
 l - a scroll of noise {unknown}
 m - a scroll of magic mapping {unknown}
 o - 2 scrolls of summoning {unknown}
 p - a scroll of teleportation {unknown}
 q - a scroll of vulnerability {unknown}
 s - a scroll of identify {unknown}
Potions
 c - a potion of invisibility {unknown}
 d - 2 potions of might
 f - 2 potions of degeneration {unknown}
 h - 2 potions of heal wounds {unknown}
 n - 2 potions of attraction {unknown}
 u - a potion of cancellation {unknown}


   Skills:
 + Level 4.4 Fighting
 * Level 4.3 Axes
 * Level 5.1 Armour
 - Level 3.6 Shields


You had 3 spell levels left.
You didn't know any spells.
Your spell library contained the following spells:

 Spells                   Type           Power      Damage    Failure   Level
 Summon Small Mammal      Summ           0%         N/A       96%         1
 Call Canine Familiar     Summ           0%         N/A       100%        3
 Summon Guardian Golem    Hex/Summ       0%         N/A       100%        3


Dungeon Overview and Level Annotations

Branches:
Dungeon (4/15)              Sewer (1/1)
 Temple: D:4-7

Altars:


Innate Abilities, Weirdness & Mutations

You have a pair of horns on your head.
You reflexively headbutt those who attack you in melee.


Message History

The ball python bites you but does no damage.
The ball python grabs you. The ball python constricts you.
You slash the ball python!
You kill the ball python!
The kobold splashes around in the water.
You slash the kobold!
You kill the kobold!
You hear a splash.
You hit the plant.
The plant begins to die.
You enter the shallow water.
Moving in this stuff is going to be slow.
Things that are here:
a +0 club; a kobold corpse A nearby plant withers and dies.
You enter the shallow water.
Moving in this stuff is going to be slow.
A kobold brigand comes into view.
It is wielding a +0 short sword and quivering curare-tipped darts.
The kobold brigand shouts!
The kobold brigand throws a curare-tipped dart.
The curare-tipped dart hits you.
You are poisoned.
You have difficulty breathing.
You feel yourself slow down.
You feel very sick.
You feel sick.
You are no longer poisoned.
A rat comes into view.
The kobold brigand throws a curare-tipped dart.
The curare-tipped dart hits you.
You are poisoned.
You have difficulty breathing.
You feel as though you will be slow longer.
* * * LOW HITPOINT WARNING * * *
You feel extremely sick.
The kobold brigand hits you with a +0 short sword.
* * * LOW HITPOINT WARNING * * *
You hit the kobold brigand but do no damage.
* * * LOW HITPOINT WARNING * * *
You feel very sick.
The kobold brigand hits you with a +0 short sword.
You die...

#.≈≈≈≈≈#
#~#..#~#....≈≈##
#~##P.P..∩∩....#
#~####P........#
#~##########†..#
.~#~~~~~~~~†..P#
#r##########...# #K#
#..~.~.# #@# ##.~....#
~~ #~# ####..~..###
.~~. #~###...~..~~.#
~~.~.##~#~.~.#~#~.~.##
~....~...~...#~#~.~.P#
.~...~~~)..~~#~#..~P.#
P~.~~......~~#~#~~P.P#
..~~.~~~#~#~.#~#~....#
P~....~~#~#########..#


You could see a kobold brigand and a rat.

Vanquished Creatures
  5 adders
  A river rat (D:4)
  3 dart slugs
  An orc (D:3)
  7 ball pythons
  3 bats
  5 endoplasms
  3 giant cockroaches
  5 goblins
  7 hobgoblins
  6 jackals (D:2)
  5 kobolds
  4 quokkas
  2 frilled lizards
  9 rats
66 creatures vanquished.

Vanquished Creatures (others)
  2 plants (Sewer)
2 creatures vanquished.

Grand Total: 68 creatures vanquished

Notes
Turn   | Place    | Note
-------+----------+-------------------------------------------
     0 | D:1      | Citaku the Minotaur Fighter began the quest for the Orb.
     0 | D:1      | Reached XP level 1. HP: 19/19 MP: 0/0
   223 | D:1      | Reached XP level 2. HP: 27/27 MP: 1/1
   266 | D:1      | Reached skill level 4 in Armour
   951 | D:2      | Reached XP level 3. HP: 33/33 MP: 2/2
  1392 | D:2      | Reached XP level 4. HP: 40/40 MP: 3/3
  1770 | D:3      | Found a faded altar of an unknown god.
  2281 | D:4      | Reached skill level 5 in Armour
  2292 | D:4      | Found a glowing drain.
  2312 | Sewer    | Entered a sewer
  2384 | Sewer    | Noticed a kobold brigand
  2388 | Sewer    | HP: 1/41 [poisoned by a kobold brigand (curare-tipped
                  | dart)]
  2388 | Sewer    | Slain by a kobold brigand

Illustrated notes

Levels and vault maps discovered:
D:1:      amcnicky_arrival_wind_blow, layout_loops_corners
D:2:      layout_loops_ring
D:3:      layout_loops_cross, hellmonk_ecumenical_altar_arch_garden
D:4:      layout_cave_pools, fedhas_altar_fruit_tree, bloody_trog,
          cheibrodos_sewer_entry_sluice, uniq_grinder
Sewer:    sewer_co_scattered_pipes

Skill      XL: |  1  2  3  4 |
---------------+-------------+-----
Armour         | 4 5 |  5.1
Axes           | 3 4 |  4.3
Fighting       | 4 |  4.4
Shields        | |  3.6

Action                   |  1- 3 |  4- 6 || total
-------------------------+-------+-------++-------
Melee: War axe           |    77 |    43 ||   120
       Headbutt          |    12 |     7 ||    19
Armor: Scale mail        |    39 |    19 ||    58
Dodge: Dodged            |    37 |    21 ||    58
Block: Buckler           |    12 |       ||    12
       Kite shield       |    13 |    16 ||    29

Table legend: (Time is in decaauts)
 A = Elapsed time spent in this place.
 B = Non-inter-level travel time spent in this place.
 C = Inter-level travel time spent in this place.
 D = Time resting spent in this place.
 E = Time spent auto-exploring this place.
 F = Levels seen in this place.
 G = Mean time per level.
                   A        B        C        D        E       F      G
               +--------+--------+--------+--------+--------+-----+--------+
         Total |   2454 |   2454 |      0 |      0 |   1733 |   5 |  490.8 |
       Dungeon |   2357 |   2357 |      0 |      0 |   1703 |   4 |  589.2 |
         Sewer |     97 |     97 |      0 |      0 |     30 |   1 |   97.0 |
               +--------+--------+--------+--------+--------+-----+--------+

Top non-repeatable levels by time:
     D:1: 957 daAuts
     D:2: 722 daAuts
     D:3: 627 daAuts
   Sewer: 97 daAuts
     D:4: 50 daAuts
